 Dungeon Crawl Stone Soup version 0.18.1-48-g4cf74bf (webtiles) character file.

140 ololoev the Firebug (level 5, -3/28 HPs)
             Began as a Deep Elf Fire Elementalist on July 27, 2016.
             Killed from afar by Fluut's ghost (10 damage)
             ... with a puff of frost
             ... on level 5 of the Dungeon.
             The game lasted 00:03:06 (470 turns).

ololoev the Firebug (Deep Elf Fire Elementalist)     Turns: 470, Time: 00:03:06

Health: -3/28      AC:  2    Str:  5    XL:     5   Next: 2%
Magic:  13/13      EV: 13    Int: 21    God:
Gold:   73         SH:  0    Dex: 15    Spells: 4 memorised, 1 level left

rFire  . . .     SeeInvis .     e - +0 dagger
rCold  . . .     Gourm    .     a - +0 robe
rNeg   . . .     Faith    .     (no shield)
rPois  .         Spirit   .     (no helmet)
rElec  .         Dismiss  .     (no cloak)
rCorr  .         Reflect  .     (no gloves)
SustAt .         Harm     .     (no boots)
MR     +....                    (no amulet)
Stlth  ++........               (no ring)
                                j - ring of protection from magic

@: lethally poisoned (-3 -> -14), somewhat resistant to hostile enchantments,
unstealthy
A: no striking features
a: no special abilities

Inventory:

Hand Weapons
 e - a +0 dagger (weapon)
Armour
 a - a +0 robe (worn)
Jewellery
 j - a ring of protection from magic (left hand)
Wands
 n - a wand of polymorph (14/24)
Scrolls
 h - 2 scrolls of teleportation {unknown}
 k - a scroll of fear {unknown}
 o - a scroll of magic mapping {unknown}
Potions
 g - 2 potions of cure mutation {unknown}
 i - a potion of curing {unknown}
 l - a potion of haste {unknown}
 m - a potion of brilliance {unknown}
Books
 b - a book of Flames

   Spells                             Type                      Level
   a - Flame Tongue                   Conjuration/Fire             1
   b - Throw Flame                    Conjuration/Fire             2
   c - Conjure Flame                  Conjuration/Fire             3
   d - Inner Flame                    Hexes/Fire                   3
   e - Sticky Flame                   Conjuration/Fire             4
   f - Fireball                       Conjuration/Fire             5
Comestibles
 c - 2 bread rations
 d - 2 meat rations
 f - 3 fruits


   Skills:
 - Level 2.4 Dodging
 - Level 2.4 Stealth
 + Level 4.0 Spellcasting
 * Level 4.0 Conjurations
 + Level 4.2 Fire Magic


You had one spell level left.
You knew the following spells:

 Your Spells              Type           Power        Failure   Level  Hunger
a - Flame Tongue          Conj/Fire      ###..        1%          1    None
b - Conjure Flame         Conj/Fire      ###.....     10%         3    ###....
c - Sticky Flame          Conj/Fire      ###.....     24%         4    ####...
e - Inner Flame           Hex/Fire       ##......     17%         3    ###....


You were on level 5 of the Dungeon.
You were not hungry.

You visited 1 branch of the dungeon, and saw 5 of its levels.

You collected 73 gold pieces.

#.######....# ........#^..#
#######≈.≈#≈# #§#§§§#
##.≈§≈.# #.# #..^...## ...
##.......# ..# #....P....#
..# ...##PP.PP@# ..#
##...PP_P..#############..#
###.PPPP..W..............#
#..P..##############.#.#
#.#.#.## ........# .##...
####....# ###. #.#### ...
###

Notes
Turn   | Place    | Note
--------------------------------------------------------------
     0 | D:1      | ololoev the Deep Elf Fire Elementalist began the quest for the Orb.
     0 | D:1      | Reached XP level 1. HP: 10/10 MP: 6/6
   126 | D:2      | Found a sparkling altar of Nemelex Xobeh.
   194 | D:2      | Reached XP level 2. HP: 8/15 MP: 0/8
   305 | D:4      | Found a shattered altar of Ashenzari.
   310 | D:4      | Found an oddly glowing altar of Pakellas.
   310 | D:4      | Found a bloodstained altar of Trog.
   347 | D:4      | Reached XP level 3. HP: 10/19 MP: 9/9
   367 | D:5      | Entered Level 5 of the Dungeon
   393 | D:5      | Noticed Blork the orc
   397 | D:5      | Killed Blork the orc
   397 | D:5      | Reached XP level 4. HP: 17/24 MP: 10/12
   414 | D:5      | Reached XP level 5. HP: 21/28 MP: 7/13
   419 | D:5      | Learned a level 3 spell: Conjure Flame
   423 | D:5      | Learned a level 3 spell: Inner Flame
   428 | D:5      | Learned a level 4 spell: Sticky Flame
   428 | D:5      | Found a stormy altar of Qazlal.
   435 | D:5      | Found a blossoming altar of Fedhas.
   456 | D:5      | Noticed Fluut's ghost (novice MfIE)
   470 | D:5      | Killed from afar by Fluut's ghost

Dungeon Overview and Level Annotations

Branches:
Dungeon (5/15)
 Temple: D:4-7

Altars:
Ashenzari
Fedhas
Nemelex Xobeh
Pakellas
Qazlal
Trog

Annotations:
D:5 Fluut's ghost, novice MfIE


Message History

Aiming: Flame Tongue
Press: ? - help, Shift-Dir - straight line, f - giant gecko
Aim: a giant gecko (clinging, hasn't noticed you)
The flame tongue misses the giant gecko.
Casting: Flame Tongue
Confirm with . or Enter, or press ? or * to list all spells.
Aiming: Flame Tongue
Press: ? - help, Shift-Dir - straight line, f/p - giant gecko
Aim: a giant gecko (clinging)
The flame tongue hits the giant gecko.
You kill the giant gecko!
Casting: Flame Tongue
Confirm with . or Enter, or press ? or * to list all spells.
Aiming: Flame Tongue
Press: ? - help, Shift-Dir - straight line, f - jelly
Aim: a jelly The flame tongue hits the jelly.
The jelly is lightly wounded.
The jelly completely misses you.
Casting: Flame Tongue
Confirm with . or Enter, or press ? or * to list all spells.
Aiming: Flame Tongue
Press: ? - help, Shift-Dir - straight line, f/p - jelly
Aim: a jelly (lightly wounded)
The flame tongue hits the jelly.
The jelly is severely wounded.
The jelly hits you but does no damage.
Casting: Flame Tongue
Confirm with . or Enter, or press ? or * to list all spells.
Aiming: Flame Tongue
Press: ? - help, Shift-Dir - straight line, f/p - jelly
Aim: a jelly (severely wounded)
The flame tongue hits the jelly.
You kill the jelly!
Your Conjurations skill increases to level 4!
You have reached level 5!
Memorise Conjure Flame, consuming 3 spell levels and leaving 8?
You start memorising the spell.
You continue memorising. x3
You finish memorising.
Spell assigned to 'b'.
Memorise Inner Flame, consuming 3 spell levels and leaving 5?
You start memorising the spell.
You continue memorising. x3
You finish memorising.
Spell assigned to 'c'.
Adjust (i)tems, (s)pells, or (a)bilities?
Adjust which spell? c - Inner Flame Adjust to which letter? e - Inner Flame This spell is slightly dangerous to cast.
Memorise Sticky Flame, consuming 4 spell levels and leaving 1?
You start memorising the spell.
You continue memorising. x4
You finish memorising.
Spell assigned to 'c'.
Found a stormy altar of Qazlal.
Found a blossoming altar of Fedhas.
There is a stormy altar of Qazlal here.
Found a bread ration.
c - 2 bread rations (gained 1) Fluut's ghost (novice Merfolk Ice Elementalist) comes into view.
It is wielding a weapon of venom.
Fluut's ghost turns its malevolent gaze towards you.
Fluut's ghost whispers, "You will understand me better in a moment."
Fluut's ghost hits you.
You are poisoned.
You feel sick.
Press: ? - help, v - describe, . - travel
Here: Fluut's ghost, wielding a weapon of venom The floor.
Unknown command.
You feel sick.
Fluut's ghost whispers, "Trust me.
Just give in."
You feel sick.
Fluut's ghost casts a spell.
Fluut's ghost puts on a burst of speed!
You feel sick. Fluut's ghost hits you.
You are lethally poisoned!
You feel sick.
You feel sick.
You feel sick.
Fluut's ghost gestures at you while chanting.
The puff of frost hits you!
You die...

You could see Fluut's ghost.

Vanquished Creatures
  Blork the orc (D:5)
  A jelly (D:5)
  3 gnolls (D:4)
  An adder skeleton (D:4)
  A giant gecko (D:5)
  3 goblins
  A hobgoblin (D:1)
  A jackal (D:2)
  A kobold (D:2)
  A bat (D:2)
14 creatures vanquished.

Action                   |  1- 3 |  4- 6 || total
-------------------------+-------+-------++-------
Melee: Dagger            |     6 |       ||     6
 Cast: Flame Tongue      |    21 |     5 ||    26
Evoke: Wand              |     4 |     1 ||     5
Armor: Robe              |     7 |     1 ||     8
Dodge: Dodged            |    18 |     1 ||    19

Vault maps used:
D:1:      minmay_arrival_glassed_features, minmay_misc_feat_rows, st_stairs_9,
          minmay_tree_intersection, hangedman_decor_riveting
D:2:      kennysheep_big_flooded_room, nemelex_xobeh_ov_fountains_minmay,
          overflow_temple_1_default, elyvilon_altar_1, roderic_ancient_swastika
D:3:      first_bread, corexii_item_surrounded_by_moat,
          nicolae_tso_swordbearing_angel, uniq_robin
D:4:      grunt_temple_overflow_open
D:5:      kennysheep_windowed_halls, grunt_temple_overflow_forces_of_nature,
          temple_statues, uniq_blork_the_orc, uniq_edmund, uniq_eustachio
